[Event "BLR-ch Women 2020"]
[Site "Minsk"]
[Date "2020.10.20"]
[Round "3.3"]
[White "Norman, Kseniya"]
[Black "Astapchyk, Darya"]
[Result "1-0"]
[ECO "B01"]
[WhiteElo "1834"]
[BlackElo "1506"]
[Annotator "NA RC"]
[PlyCount "103"]
[EventDate "2020.10.18"]
[EventType "tourn"]
[EventCountry "BLR"]
[SourceTitle "playchess.com"]
[Source "ChessBase"]
[SourceQuality "1"]
[TimeControl "40/5400+30:1800+30"]

1. e4 d5 2. exd5 Qxd5 3. Nc3 Qd6 4. d4 Nf6 5. Nf3 c6 6. Bc4 {[%emt 0:02:46] B01: Scandinavian Defence.} Bg4 7. d5 cxd5 (7... b5 $5 8. Bd3 b4 $11) 8. Nxd5 {[%emt 0:02:10] [#]} Nc6 $146 ({Predecessor:} 8... Nxd5 9. Qxd5 Qxd5 10. Bxd5 Bxf3 11. Bxf3 Nc6 12. O-O e6 13. Be3 Bd6 14. Rfd1 Ke7 {0-1 (50) Geyer,H (1313)-Sass,P (1598) Greifswald 2013}) 9. h3 Nxd5 10. Qxd5 (10. hxg4 $5 Qb4+ 11. Nd2 $11) 10... Qxd5 11. Bxd5 Bd7 12. c3 e6 13. Bc4 Bd6 14. O-O Ne5 15. Be2 Rc8 16. Be3 b6 17. Rad1 Ke7 18. Nd4 Nc4 19. Bc1 Rhd8 20. Rfe1 e5 21. Bxc4 Rxc4 22. f4 $1 f6 23. fxe5 Bxe5 24. Bf4 Bc8 25. Bxe5 fxe5 26. Rxe5+ Kf7 (26... Kf6 $16 27. Rde1 Rc7) 27. Rde1 Rc7 28. R1e3 g6 29. b4 Rcd7 $2 {[%emt 0:00:45] [#]} (29... h5 $16 30. R5e4 Kf6) 30. Kh2 $2 (30. Rf3+ $1 $18 {is the precise move to win.} Kg8 31. Nc6) 30... Bb7 $1 $11 31. Ne6 Rc8 32. Ng5+ Kf8 33. Ne6+ ({White should try} 33. a3 $16) 33... Kf7 $1 34. Nd4 (34. a4 $16) 34... Ba6 35. a4 Bc4 36. Kg3 Rdc7 37. b5 Rd7 38. Nc6 Bb3 $2 (38... Kf8 $16) 39. Re7+ Rxe7 40. Rxe7+ Kf6 41. Rxa7 Re8 42. Kf2 Bc4 43. Nd4 Kg5 44. Rc7 Bd3 45. Rc6 Rb8 46. c4 Ra8 47. Nf3+ Kf4 48. Rf6+ Ke4 49. Re6+ Kf5 50. Rxb6 Rxa4 51. Ke3 $18 Bxc4 52. g4# 1-0

[Event "BLR-ch Women 2020"]
[Site "Minsk"]
[Date "2020.10.23"]
[Round "6.1"]
[White "Zeliantsova, Kseniya"]
[Black "Astapchyk, Darya"]
[Result "1-0"]
[ECO "C66"]
[WhiteElo "2114"]
[BlackElo "1506"]
[Annotator "ChessBase"]
[PlyCount "81"]
[EventDate "2020.10.18"]
[EventType "tourn"]
[EventCountry "BLR"]
[SourceTitle "playchess.com"]
[Source "ChessBase"]
[SourceQuality "1"]
[TimeControl "40/5400+30:1800+30"]

1. e4 e5 2. Nf3 Nc6 3. Bb5 d6 4. d4 Bd7 5. O-O Nf6 6. Nc3 Be7 7. Bg5 O-O 8. Bxc6 Bxc6 9. dxe5 Nxe4 10. Bxe7 Qxe7 11. Nd5 Qd7 12. c4 Rae8 13. Re1 f5 14. exf6 Nxf6 15. Qd4 Bxd5 16. cxd5 Qf5 17. Qxa7 Qxd5 18. Qa4 Re4 19. Rxe4 Qxe4 20. Qb3+ Qd5 21. Qc2 Qc5 22. Qxc5 dxc5 23. Rd1 h6 24. h3 Re8 25. Kf1 Kf7 26. Nd2 Rd8 27. Ke2 b6 28. Rc1 Nd5 29. Rc4 g5 30. g3 Nb4 31. a4 Re8+ 32. Ne4 Nc6 33. Ke3 Ne5 34. Rc3 Nc6 35. f4 Nb4 36. Kf3 gxf4 37. gxf4 Ra8 38. b3 Rg8 39. Ng3 Nc6 40. Nf5 h5 41. Nh6+ 1-0

[Event "BLR-ch Women 2020"]
[Site "Minsk"]
[Date "2020.10.23"]
[Round "6.3"]
[White "Poliakova, Varvara"]
[Black "Tarasenka, Aliaksandra"]
[Result "0-1"]
[ECO "B33"]
[WhiteElo "1952"]
[BlackElo "2070"]
[Annotator "ChessBase"]
[PlyCount "94"]
[EventDate "2020.10.18"]
[EventType "tourn"]
[EventCountry "BLR"]
[SourceTitle "playchess.com"]
[Source "ChessBase"]
[SourceQuality "1"]
[TimeControl "40/5400+30:1800+30"]

1. e4 c5 2. Nf3 Nc6 3. d4 cxd4 4. Nxd4 Nf6 5. Nc3 e5 6. Nb3 Bb4 7. Bc4 O-O 8. Qd3 d5 9. Bxd5 Nxd5 10. exd5 Ne7 11. Bd2 Bf5 12. Ne4 Bxd2+ 13. Nbxd2 Nxd5 14. O-O Rc8 15. Rfd1 Nf4 16. Qb5 Qc7 17. Rac1 a6 18. Qf1 Qc6 19. Re1 Rfd8 20. Re3 Rd4 21. f3 Qg6 22. Kh1 Qh6 23. Rc3 Rcd8 24. Ng3 Bh3 25. gxh3 Rxd2 26. Re1 g6 27. Rc7 Nxh3 28. Ne4 Nf4 29. Nxd2 Rxd2 30. Qg1 Rg2 31. Qxg2 Nxg2 32. Kxg2 Qd2+ 33. Kf1 Qxh2 34. Rc3 h5 35. Rce3 h4 36. R3e2 Qg3 37. Rf2 h3 38. Ke2 Qf4 39. Rh1 Qc4+ 40. Kd1 Qxa2 41. Rxh3 Qxb2 42. Rh4 Qb1+ 43. Kd2 Qg1 44. Ke2 b5 45. Re4 Qc1 46. Kd3 Qd1+ 47. Kc3 f5 0-1